Capitals vs Rangers

Created - January 16 2012 at 18:36

Goals
1 2 3 T
Capitals 0 2 1 3
Rangers 0 0 0 0
Shots
1 2 3 T
Capitals 8 10 19 37
Rangers 6 4 7 17

Period #1

No Goal

Penalties :
Mike Cammalleri (NYR) for Fighting (Major) at 0:28, Ryane Clowe (WSH) for Fighting (Major) at 0:28, Ryane Clowe (WSH) for instigated a fight (Game Misconduct) at 0:28, Mikko Koivu (NYR) for Roughing (Minor) at 8:15, Mike Green (WSH) for Close Hand On Puck (Minor) at 11:47, Taylor Hall (WSH) for Roughing (Minor) at 13:49, Douglas Murray (WSH) for Holding (Minor) at 17:50

Period #2

1. Capitals , Douglas Murray 11 (Taylor Hall, Matt Stajan) at 1:07 (PP)
2. Capitals , Alexander Ovechkin 27 (Kimmo Timonen, Mike Green) at 7:31

Penalties :
Jay Bouwmeester (NYR) for Holding (Minor) at 0:43, Mikko Koivu (NYR) for High sticking (Minor) at 10:39

Period #3

3. Capitals , Alexander Semin 31 (Mike Green, Alexander Ovechkin) at 9:02 (PP)

Penalties :
Marc Methot (WSH) for Slashing (Minor) at 3:21, Marc Staal (NYR) for Hooking (Minor) at 7:20, Niklas Backstrom (NYR) for Unsportsmanlike conduct (Major / Game Misconduct) at 9:16 - Frans Nielsen served the penalty., Kimmo Timonen (WSH) for Hooking (Minor) at 15:15, Tomas Fleischmann (WSH) for Slashing (Minor) at 19:50

Goalie Stats

Michal Neuvirth (WSH), 17 saves from 17 shots - (1.000), W, 1-0-0, 60:00 minutes
Andrew Raycroft (NYR), 14 saves from 14 shots - (1.000), 10:44 minutes
Niklas Backstrom (NYR), 20 saves from 23 shots - (0.870), L, 19-21-1, 49:16 minutes

Players Stats

Capitals
Player Name              G  A  P  +/- PIM S  H  SB FO    MP 
------------------------------------------------------------
Alexander Ovechkin       1  1  2   1  0   6  5  0  0/0   24 
Alexander Semin          1  0  1   0  0   10 1  1  1/2   23 
Alexei Kovalev           0  0  0   1  0   1  0  0  0/0   13 
David Desharnais         0  0  0   0  0   1  0  0  8/19  21 
Douglas Murray           1  0  1   0  2   1  0  2  0/0   19 
Jeff Halpern             0  0  0   0  0   3  0  0  10/18 17 
Kimmo Timonen            0  1  1   1  2   0  0  1  0/0   20 
Marc Methot              0  0  0   0  2   1  2  2  0/0   17 
Mathieu Perreault        0  0  0   0  0   0  0  0  0/0   0  
Matt Stajan              0  1  1   1  0   2  0  0  15/29 21 
Mike Green               0  2  2   1  2   4  0  1  0/0   21 
Ryan McDonagh            0  0  0   0  0   0  0  1  0/0   13 
Ryane Clowe              0  0  0   0  17  0  0  0  0/0   0  
Steve Eminger            0  0  0   0  0   0  0  0  0/0   5  
Taylor Hall              0  1  1   0  2   4  0  0  3/4   22 
Tomas Fleischmann        0  0  0   0  2   0  0  0  1/4   18 
Trent Hunter             0  0  0   0  0   1  7  0  1/3   15 
Willie Mitchell          0  0  0   0  0   3  0  3  0/0   20 
Rangers
Player Name              G  A  P  +/- PIM S  H  SB FO    MP 
------------------------------------------------------------
Dan Cleary               0  0  0   0  0   0  3  0  3/5   21 
David Perron             0  0  0   0  0   0  0  0  0/0   2  
Francis Bouillon         0  0  0   0  0   0  0  0  0/0   0  
Frans Nielsen            0  0  0   0  0   2  0  1  9/20  21 
Ian White                0  0  0   0  0   1  1  0  0/0   19 
Jay Bouwmeester          0  0  0  -1  2   0  0  4  0/0   22 
Jonathan Ericsson        0  0  0   0  0   0  0  0  0/0   1  
Keith Ballard            0  0  0   0  0   2  1  2  0/0   13 
Lubomir Visnovsky        0  0  0   0  0   2  0  1  0/0   23 
Marc Staal               0  0  0  -1  2   1  3  1  0/0   23 
Mark Recchi              0  0  0   0  0   2  1  0  0/0   18 
Mike Cammalleri          0  0  0  -1  5   3  0  0  1/3   17 
Mike Weaver              0  0  0   0  0   0  2  0  0/0   18 
Mikko Koivu              0  0  0  -1  4   2  1  0  16/21 17 
Nikolai Kulemin          0  0  0  -1  0   1  0  1  0/1   21 
Nikolai Zherdev          0  0  0   0  0   1  1  0  5/12  19 
Scott Gomez              0  0  0   0  0   0  0  0  6/14  17 
Vinny Prospal            0  0  0   0  0   0  1  0  0/3   17 

3 Stars

1 - Alexander Ovechkin (WSH)
2 - Michal Neuvirth (WSH)
3 - Alexander Semin (WSH)

Power Play

Capitals - 2 on 5 Attempt(s) - 40.00%
Rangers - 0 on 7 Attempt(s) - 0.00%

Penalty Kill

Capitals - 7 on 7 Attempt(s) - 100.00% - Score 0 goal in Penalty Kill
Rangers - 3 on 5 Attempt(s) - 60.00% - Score 0 goal in Penalty Kill

Game Notes

Ryane Clowe beats up Mike Cammalleri at 0:28 of 1st period
Ryane Clowe ejected from game at 0:28 of 1st period
Niklas Backstrom ejected from game at 9:16 of 3rd period
Andrew Raycroft enters game at 9:16 of 3rd period

Finance

Level 1 -- Attendance: 4110 (63.23%) -- Ticket Income $513,750.00
Level 2 -- Attendance: 2675 (53.50%) -- Ticket Income $200,625.00
Level 3 -- Attendance: 2012 (57.49%) -- Ticket Income $100,600.00
Level 4 -- Attendance: 1771 (80.50%) -- Ticket Income $44,275.00
Luxury Box -- Attendance: 563 (56.30%) -- Ticket Income $140,750.00
Game was played at the Madison Square Garden
Total Attendance: 11131 (61.16%)
Total Ticket Income: $1,020,164.00
Other Income: $220,792.80
Total Income: $1,240,957.00


Play by Play

Period #1

0:01 of 1st period - Mikko Koivu wins face-off versus Matt Stajan in neutral zone.
0:28 of 1st period - Ryane Clowe beats up Mike Cammalleri.
0:28 of 1st period - Penalty to Mike Cammalleri for Fighting.
0:28 of 1st period - Penalty to Ryane Clowe for Fighting.
0:28 of 1st period - Penalty to Ryane Clowe for instigated a fight.
0:28 of 1st period - Ryane Clowe is ejected from game.
0:29 of 1st period - Mikko Koivu wins face-off versus David Desharnais in neutral zone.
1:02 of 1st period - Shot by Alexander Semin.
1:02 of 1st period - Shot Misses the Net.
2:24 of 1st period - Shot by Lubomir Visnovsky.
2:24 of 1st period - Stopped by Michal Neuvirth without a rebound.
2:25 of 1st period - Mikko Koivu wins face-off versus David Desharnais in Capitals zone.
2:40 of 1st period - Shot by Alexander Semin.
2:40 of 1st period - Stopped by Niklas Backstrom with a rebound.
2:44 of 1st period - Shot by Alexander Semin.
2:44 of 1st period - Stopped by Niklas Backstrom without a rebound.
2:45 of 1st period - Mikko Koivu wins face-off versus Matt Stajan in Rangers zone.
2:45 of 1st period - Mikko Koivu is hit by Alexander Ovechkin.
2:50 of 1st period - Off-side.
2:51 of 1st period - Mikko Koivu wins face-off versus Matt Stajan in neutral zone.
2:53 of 1st period - Marc Staal is hit by Alexander Ovechkin and loses puck.
4:06 of 1st period - Shot by Alexander Semin.
4:06 of 1st period - Stopped by Niklas Backstrom without a rebound.
4:07 of 1st period - Tomas Fleischmann wins face-off versus Scott Gomez in Rangers zone.
4:14 of 1st period - Shot by Jeff Halpern.
4:14 of 1st period - Stopped by Niklas Backstrom without a rebound.
4:15 of 1st period - Jeff Halpern wins face-off versus Scott Gomez in Rangers zone.
6:18 of 1st period - Icing by Kimmo Timonen.
6:19 of 1st period - Frans Nielsen wins face-off versus Matt Stajan in Capitals zone.
6:20 of 1st period - Shot by Mike Cammalleri.
6:20 of 1st period - Stopped by Michal Neuvirth without a rebound.
6:21 of 1st period - Matt Stajan wins face-off versus Frans Nielsen in Capitals zone.
6:23 of 1st period - Icing by Kimmo Timonen.
6:24 of 1st period - Matt Stajan wins face-off versus Frans Nielsen in Capitals zone.
6:28 of 1st period - Off-side.
6:29 of 1st period - Matt Stajan wins face-off versus Scott Gomez in neutral zone.
6:32 of 1st period - Keith Ballard is hit by Alexander Ovechkin and loses puck.
7:25 of 1st period - Shot by Vinny Prospal.
7:25 of 1st period - Shot Blocked by Kimmo Timonen.
7:35 of 1st period - Shot by Frans Nielsen.
7:35 of 1st period - Shot Blocked by Mike Green.
7:52 of 1st period - Icing by Marc Methot.
7:53 of 1st period - David Desharnais wins face-off versus Mikko Koivu in Capitals zone.
8:15 of 1st period - Minor Penalty to Mikko Koivu for Roughing.
8:16 of 1st period - Frans Nielsen wins face-off versus Tomas Fleischmann in Rangers zone.
8:43 of 1st period - Shot by Alexei Kovalev.
8:43 of 1st period - Stopped by Niklas Backstrom without a rebound.
8:44 of 1st period - Jeff Halpern wins face-off versus Nikolai Zherdev in Rangers zone.
9:32 of 1st period - Off-side.
9:33 of 1st period - Nikolai Zherdev wins face-off versus David Desharnais in neutral zone.
10:12 of 1st period - Shot by Willie Mitchell.
10:12 of 1st period - Stopped by Niklas Backstrom without a rebound.
10:13 of 1st period - Matt Stajan wins face-off versus Nikolai Zherdev in Rangers zone.
10:28 of 1st period - Shot by Nikolai Zherdev.
10:28 of 1st period - Stopped by Michal Neuvirth without a rebound.
10:29 of 1st period - Mikko Koivu wins face-off versus Matt Stajan in Capitals zone.
10:47 of 1st period - Shot by Alexander Semin.
10:47 of 1st period - Stopped by Niklas Backstrom with a rebound.
10:55 of 1st period - Shot by Matt Stajan.
10:55 of 1st period - Stopped by Niklas Backstrom without a rebound.
10:56 of 1st period - Taylor Hall wins face-off versus Scott Gomez in Rangers zone.
11:00 of 1st period - Taylor Hall is hit by Ian White and loses puck.
11:20 of 1st period - Icing by Ryan McDonagh.
11:21 of 1st period - Frans Nielsen wins face-off versus David Desharnais in Capitals zone.
11:25 of 1st period - Icing by Marc Methot.
11:26 of 1st period - David Desharnais wins face-off versus Frans Nielsen in Capitals zone.
11:26 of 1st period - David Desharnais is hit by Vinny Prospal.
11:47 of 1st period - Minor Penalty to Mike Green for Close Hand On Puck.
11:48 of 1st period - Jeff Halpern wins face-off versus Mikko Koivu in Capitals zone.
11:48 of 1st period - Jeff Halpern is hit by Mikko Koivu.
12:06 of 1st period - Kimmo Timonen is hit by Dan Cleary and loses puck.
13:05 of 1st period - Shot by Marc Staal.
13:05 of 1st period - Deflect By Vinny Prospal.
13:05 of 1st period - Shot Blocked by Alexander Semin.
13:07 of 1st period - Shot by Frans Nielsen.
13:07 of 1st period - Stopped by Michal Neuvirth without a rebound.
13:08 of 1st period - Mikko Koivu wins face-off versus Jeff Halpern in Capitals zone.
13:29 of 1st period - Willie Mitchell is hit by Dan Cleary and loses puck.
13:49 of 1st period - Minor Penalty to Taylor Hall for Roughing.
13:50 of 1st period - Jeff Halpern wins face-off versus Vinny Prospal in Capitals zone.
15:15 of 1st period - Shot by Nikolai Kulemin.
15:15 of 1st period - Shot Blocked by Willie Mitchell.
15:17 of 1st period - Shot by Marc Staal.
15:17 of 1st period - Shot Blocked by Douglas Murray.
15:19 of 1st period - Shot by Nikolai Kulemin.
15:19 of 1st period - Stopped by Michal Neuvirth without a rebound.
15:20 of 1st period - Frans Nielsen wins face-off versus Matt Stajan in Capitals zone.
15:57 of 1st period - Shot by Taylor Hall.
15:57 of 1st period - Shot Blocked by Keith Ballard.
16:24 of 1st period - Mark Recchi is hit by Marc Methot and loses puck.
16:43 of 1st period - Shot by Mark Recchi.
16:43 of 1st period - Stopped by Michal Neuvirth without a rebound.
16:44 of 1st period - Matt Stajan wins face-off versus Frans Nielsen in Capitals zone.
17:36 of 1st period - Douglas Murray is hit by Marc Staal and loses puck.
17:50 of 1st period - Minor Penalty to Douglas Murray for Holding.
17:51 of 1st period - Mikko Koivu wins face-off versus Taylor Hall in Capitals zone.
19:04 of 1st period - Shot by Lubomir Visnovsky.
19:04 of 1st period - Shot Misses the Net.

Period #2

0:01 of 2nd period - Mikko Koivu wins face-off versus Matt Stajan in neutral zone.
0:43 of 2nd period - Minor Penalty to Jay Bouwmeester for Holding.
0:44 of 2nd period - Matt Stajan wins face-off versus Frans Nielsen in Rangers zone.
0:59 of 2nd period - Shot by Willie Mitchell.
0:59 of 2nd period - Shot Blocked by Frans Nielsen.
1:03 of 2nd period - Shot by Matt Stajan.
1:03 of 2nd period - Shot Misses the Net.
1:07 of 2nd period - Shot by Douglas Murray.
1:07 of 2nd period - Goal by Douglas Murray - Capitals : 1 - Rangers : 0.
1:08 of 2nd period - David Desharnais wins face-off versus Scott Gomez in neutral zone.
1:52 of 2nd period - Marc Methot is hit by Nikolai Zherdev and loses puck.
2:23 of 2nd period - Shot by Alexander Semin.
2:23 of 2nd period - Deflect By Jeff Halpern.
2:23 of 2nd period - Stopped by Niklas Backstrom without a rebound.
2:24 of 2nd period - Mikko Koivu wins face-off versus Matt Stajan in Rangers zone.
2:47 of 2nd period - Shot by Mikko Koivu.
2:47 of 2nd period - Shot Misses the Net.
3:02 of 2nd period - Off-side.
3:03 of 2nd period - Alexander Semin wins face-off versus Frans Nielsen in neutral zone.
3:25 of 2nd period - Icing by Douglas Murray.
3:26 of 2nd period - Scott Gomez wins face-off versus Jeff Halpern in Capitals zone.
3:33 of 2nd period - Shot by Mark Recchi.
3:33 of 2nd period - Shot Misses the Net.
3:51 of 2nd period - Icing by Scott Gomez.
3:52 of 2nd period - Scott Gomez wins face-off versus David Desharnais in Rangers zone.
3:52 of 2nd period - Scott Gomez is hit by Trent Hunter.
4:30 of 2nd period - Kimmo Timonen is hit by Dan Cleary and loses puck.
4:46 of 2nd period - Icing by Mike Weaver.
4:47 of 2nd period - Frans Nielsen wins face-off versus Jeff Halpern in Rangers zone.
4:47 of 2nd period - Frans Nielsen is hit by Alexander Ovechkin.
5:40 of 2nd period - Shot by Ryan McDonagh.
5:40 of 2nd period - Shot Misses the Net.
5:42 of 2nd period - Shot by Marc Methot.
5:42 of 2nd period - Stopped by Niklas Backstrom with a rebound.
5:46 of 2nd period - Shot by Taylor Hall.
5:46 of 2nd period - Stopped by Niklas Backstrom without a rebound.
5:47 of 2nd period - Scott Gomez wins face-off versus Alexander Semin in Rangers zone.
6:33 of 2nd period - Shot by Alexander Ovechkin.
6:33 of 2nd period - Stopped by Niklas Backstrom without a rebound.
6:34 of 2nd period - Mikko Koivu wins face-off versus Trent Hunter in Rangers zone.
6:57 of 2nd period - Shot by Mike Cammalleri.
6:57 of 2nd period - Stopped by Michal Neuvirth with a rebound.
7:24 of 2nd period - Alexei Kovalev is hit by Marc Staal and loses puck.
7:31 of 2nd period - Shot by Alexander Ovechkin.
7:31 of 2nd period - Goal by Alexander Ovechkin - Capitals : 2 - Rangers : 0.
7:32 of 2nd period - Frans Nielsen wins face-off versus Jeff Halpern in neutral zone.
8:30 of 2nd period - Shot by Taylor Hall.
8:30 of 2nd period - Deflect By Alexander Ovechkin.
8:30 of 2nd period - Shot Misses the Net.
9:22 of 2nd period - Ian White is hit by Trent Hunter and loses puck.
10:15 of 2nd period - Shot by Tomas Fleischmann.
10:15 of 2nd period - Shot Misses the Net.
10:17 of 2nd period - Shot by Jeff Halpern.
10:17 of 2nd period - Stopped by Niklas Backstrom without a rebound.
10:18 of 2nd period - Mikko Koivu wins face-off versus David Desharnais in Rangers zone.
10:39 of 2nd period - Minor Penalty to Mikko Koivu for High sticking.
10:40 of 2nd period - Frans Nielsen wins face-off versus Matt Stajan in Rangers zone.
10:51 of 2nd period - Shot by Douglas Murray.
10:51 of 2nd period - Shot Misses the Net.
10:53 of 2nd period - Shot by Willie Mitchell.
10:53 of 2nd period - Shot Misses the Net.
12:36 of 2nd period - Shot by Taylor Hall.
12:36 of 2nd period - Shot Misses the Net.
12:38 of 2nd period - Shot by Mike Green.
12:38 of 2nd period - Stopped by Niklas Backstrom without a rebound.
12:39 of 2nd period - Taylor Hall wins face-off versus Vinny Prospal in Rangers zone.
13:01 of 2nd period - Icing by Marc Methot.
13:02 of 2nd period - Scott Gomez wins face-off versus Trent Hunter in Capitals zone.
13:03 of 2nd period - Shot by Mark Recchi.
13:03 of 2nd period - Shot Misses the Net.
13:05 of 2nd period - Shot by Keith Ballard.
13:05 of 2nd period - Stopped by Michal Neuvirth with a rebound.
13:07 of 2nd period - Shot by Keith Ballard.
13:07 of 2nd period - Shot Blocked by Marc Methot.
13:25 of 2nd period - Shot by Scott Gomez.
13:25 of 2nd period - Shot Misses the Net.
13:27 of 2nd period - Shot by Mark Recchi.
13:27 of 2nd period - Stopped by Michal Neuvirth without a rebound.
13:28 of 2nd period - Matt Stajan wins face-off versus Mikko Koivu in Capitals zone.
13:49 of 2nd period - Shot by Alexander Ovechkin.
13:49 of 2nd period - Shot Misses the Net.
13:59 of 2nd period - Shot by Mikko Koivu.
13:59 of 2nd period - Shot Hit the Post.
15:00 of 2nd period - Shot by Tomas Fleischmann.
15:00 of 2nd period - Shot Misses the Net.
15:38 of 2nd period - Shot by Marc Staal.
15:38 of 2nd period - Stopped by Michal Neuvirth with a rebound.
15:40 of 2nd period - Shot by Nikolai Kulemin.
15:40 of 2nd period - Shot Blocked by Douglas Murray.
15:42 of 2nd period - Shot by Mikko Koivu.
15:42 of 2nd period - Deflect By Nikolai Kulemin.
15:42 of 2nd period - Shot Misses the Net.
16:12 of 2nd period - Shot by Taylor Hall.
16:12 of 2nd period - Shot Misses the Net.
16:18 of 2nd period - Dan Cleary is hit by Trent Hunter and loses puck.
16:44 of 2nd period - Icing by Ryan McDonagh.
16:45 of 2nd period - Trent Hunter wins face-off versus Scott Gomez in Capitals zone.
16:54 of 2nd period - Ian White is hit by Trent Hunter and loses puck.
17:52 of 2nd period - Shot by Alexander Ovechkin.
17:52 of 2nd period - Stopped by Niklas Backstrom with a rebound.
18:12 of 2nd period - Frans Nielsen is hit by Alexander Ovechkin and loses puck.
18:19 of 2nd period - Shot by Alexander Ovechkin.
18:19 of 2nd period - Deflect By Alexei Kovalev.
18:19 of 2nd period - Shot Blocked by Lubomir Visnovsky.
18:21 of 2nd period - Shot by Mike Green.
18:21 of 2nd period - Stopped by Niklas Backstrom without a rebound.
18:22 of 2nd period - Nikolai Zherdev wins face-off versus Jeff Halpern in Rangers zone.
18:30 of 2nd period - Off-side.
18:31 of 2nd period - Frans Nielsen wins face-off versus Jeff Halpern in neutral zone.
19:48 of 2nd period - Shot by Scott Gomez.
19:48 of 2nd period - Shot Misses the Net.

Period #3

0:01 of 3rd period - Matt Stajan wins face-off versus Mikko Koivu in neutral zone.
0:22 of 3rd period - Shot by Alexander Ovechkin.
0:22 of 3rd period - Shot Blocked by Jay Bouwmeester.
0:26 of 3rd period - Shot by Alexander Ovechkin.
0:26 of 3rd period - Shot Misses the Net.
0:30 of 3rd period - Shot by Alexander Semin.
0:30 of 3rd period - Stopped by Niklas Backstrom without a rebound.
0:31 of 3rd period - David Desharnais wins face-off versus Frans Nielsen in Rangers zone.
0:31 of 3rd period - Taylor Hall is hit by Mike Weaver and loses puck.
0:46 of 3rd period - Lubomir Visnovsky is hit by Trent Hunter and loses puck.
1:12 of 3rd period - Dan Cleary is hit by Trent Hunter and loses puck.
1:24 of 3rd period - Icing by Lubomir Visnovsky.
1:25 of 3rd period - Matt Stajan wins face-off versus Vinny Prospal in Rangers zone.
1:25 of 3rd period - Matt Stajan is hit by Mike Weaver.
2:02 of 3rd period - Mike Green is hit by Marc Staal and loses puck.
2:27 of 3rd period - Shot by Mikko Koivu.
2:27 of 3rd period - Shot Misses the Net.
2:29 of 3rd period - Shot by Nikolai Kulemin.
2:29 of 3rd period - Deflect By Mike Cammalleri.
2:29 of 3rd period - Stopped by Michal Neuvirth with a rebound.
2:31 of 3rd period - Shot by Nikolai Kulemin.
2:31 of 3rd period - Shot Misses the Net.
2:35 of 3rd period - Shot by Mike Cammalleri.
2:35 of 3rd period - Shot Blocked by Willie Mitchell.
2:44 of 3rd period - Icing by Taylor Hall.
2:45 of 3rd period - Jeff Halpern wins face-off versus Scott Gomez in Capitals zone.
3:00 of 3rd period - Shot by Scott Gomez.
3:00 of 3rd period - Shot Misses the Net.
3:02 of 3rd period - Shot by Keith Ballard.
3:02 of 3rd period - Stopped by Michal Neuvirth without a rebound.
3:03 of 3rd period - Scott Gomez wins face-off versus David Desharnais in Capitals zone.
3:17 of 3rd period - Mark Recchi is hit by Marc Methot and loses puck.
3:21 of 3rd period - Minor Penalty to Marc Methot for Slashing.
3:22 of 3rd period - David Desharnais wins face-off versus Frans Nielsen in Capitals zone.
4:39 of 3rd period - Shot by Ian White.
4:39 of 3rd period - Stopped by Michal Neuvirth without a rebound.
4:40 of 3rd period - Jeff Halpern wins face-off versus Mikko Koivu in Capitals zone.
5:39 of 3rd period - Matt Stajan is hit by Mark Recchi and loses puck.
5:43 of 3rd period - Icing by Steve Eminger.
5:44 of 3rd period - Matt Stajan wins face-off versus Nikolai Zherdev in Capitals zone.
6:12 of 3rd period - Icing by Kimmo Timonen.
6:13 of 3rd period - Scott Gomez wins face-off versus Matt Stajan in Capitals zone.
7:20 of 3rd period - Minor Penalty to Marc Staal for Hooking.
7:21 of 3rd period - Nikolai Zherdev wins face-off versus David Desharnais in Rangers zone.
8:08 of 3rd period - Shot by Alexander Ovechkin.
8:08 of 3rd period - Stopped by Niklas Backstrom without a rebound.
8:09 of 3rd period - Nikolai Zherdev wins face-off versus Matt Stajan in Rangers zone.
8:36 of 3rd period - Shot by Willie Mitchell.
8:36 of 3rd period - Stopped by Niklas Backstrom without a rebound.
8:37 of 3rd period - David Desharnais wins face-off versus Nikolai Zherdev in Rangers zone.
8:58 of 3rd period - Shot by Alexander Semin.
8:58 of 3rd period - Shot Misses the Net.
9:02 of 3rd period - Shot by Alexander Semin.
9:02 of 3rd period - Goal by Alexander Semin - Capitals : 3 - Rangers : 0.
9:03 of 3rd period - Matt Stajan wins face-off versus Frans Nielsen in neutral zone.
9:16 of 3rd period - Shot by Matt Stajan.
9:16 of 3rd period - Stopped by Niklas Backstrom without a rebound.
9:16 of 3rd period - Major / Game Misconduct Penalty to Niklas Backstrom for Unsportsmanlike conduct.
9:16 of 3rd period - Niklas Backstrom is ejected from game.
9:16 of 3rd period - Andrew Raycroft enters game.
9:17 of 3rd period - Dan Cleary wins face-off versus Tomas Fleischmann in Rangers zone.
9:17 of 3rd period - Lubomir Visnovsky is hit by Trent Hunter and loses puck.
9:34 of 3rd period - Shot by Alexander Ovechkin.
9:34 of 3rd period - Stopped by Andrew Raycroft without a rebound.
9:35 of 3rd period - Matt Stajan wins face-off versus Nikolai Zherdev in Rangers zone.
9:38 of 3rd period - Shot by Alexander Semin.
9:38 of 3rd period - Stopped by Andrew Raycroft without a rebound.
9:39 of 3rd period - Taylor Hall wins face-off versus Dan Cleary in Rangers zone.
9:54 of 3rd period - Shot by Alexander Semin.
9:54 of 3rd period - Deflect By Tomas Fleischmann.
9:54 of 3rd period - Shot Misses the Net.
9:58 of 3rd period - Shot by Alexander Semin.
9:58 of 3rd period - Shot Misses the Net.
10:00 of 3rd period - Shot by Mike Green.
10:00 of 3rd period - Shot Blocked by Marc Staal.
10:04 of 3rd period - Shot by Alexander Semin.
10:04 of 3rd period - Stopped by Andrew Raycroft without a rebound.
10:05 of 3rd period - Matt Stajan wins face-off versus Nikolai Zherdev in Rangers zone.
10:06 of 3rd period - Shot by Alexander Ovechkin.
10:06 of 3rd period - Stopped by Andrew Raycroft without a rebound.
10:07 of 3rd period - Nikolai Zherdev wins face-off versus Matt Stajan in Rangers zone.
10:51 of 3rd period - Icing by Alexander Semin.
10:52 of 3rd period - Dan Cleary wins face-off versus David Desharnais in Capitals zone.
11:04 of 3rd period - Shot by Alexander Semin.
11:04 of 3rd period - Stopped by Andrew Raycroft with a rebound.
11:06 of 3rd period - Shot by Mike Green.
11:06 of 3rd period - Stopped by Andrew Raycroft without a rebound.
11:07 of 3rd period - Matt Stajan wins face-off versus Dan Cleary in Rangers zone.
11:25 of 3rd period - Shot by Alexei Kovalev.
11:25 of 3rd period - Shot Misses the Net.
11:27 of 3rd period - Shot by Matt Stajan.
11:27 of 3rd period - Shot Blocked by Jay Bouwmeester.
11:29 of 3rd period - Shot by Alexander Ovechkin.
11:29 of 3rd period - Shot Blocked by Nikolai Kulemin.
11:31 of 3rd period - Shot by Matt Stajan.
11:31 of 3rd period - Shot Blocked by Jay Bouwmeester.
12:01 of 3rd period - Shot by Taylor Hall.
12:01 of 3rd period - Stopped by Andrew Raycroft with a rebound.
12:06 of 3rd period - Shot by David Desharnais.
12:06 of 3rd period - Stopped by Andrew Raycroft without a rebound.
12:07 of 3rd period - Jeff Halpern wins face-off versus Nikolai Zherdev in Rangers zone.
12:10 of 3rd period - Shot by Marc Methot.
12:10 of 3rd period - Shot Misses the Net.
12:14 of 3rd period - Shot by Mike Green.
12:14 of 3rd period - Shot Blocked by Jay Bouwmeester.
12:16 of 3rd period - Shot by Mike Green.
12:16 of 3rd period - Stopped by Andrew Raycroft without a rebound.
12:17 of 3rd period - Jeff Halpern wins face-off versus Mike Cammalleri in Rangers zone.
12:59 of 3rd period - Icing by Alexander Semin.
13:00 of 3rd period - Mike Cammalleri wins face-off versus Tomas Fleischmann in Capitals zone.
13:09 of 3rd period - Shot by Alexander Ovechkin.
13:09 of 3rd period - Shot Misses the Net.
13:43 of 3rd period - Shot by Trent Hunter.
13:43 of 3rd period - Stopped by Andrew Raycroft with a rebound.
13:45 of 3rd period - Shot by Jeff Halpern.
13:45 of 3rd period - Shot Misses the Net.
13:47 of 3rd period - Shot by Willie Mitchell.
13:47 of 3rd period - Stopped by Andrew Raycroft with a rebound.
13:57 of 3rd period - Shot by Taylor Hall.
13:57 of 3rd period - Stopped by Andrew Raycroft without a rebound.
13:58 of 3rd period - Dan Cleary wins face-off versus Matt Stajan in Rangers zone.
15:15 of 3rd period - Minor Penalty to Kimmo Timonen for Hooking.
15:16 of 3rd period - Mikko Koivu wins face-off versus David Desharnais in Capitals zone.
15:38 of 3rd period - Shot by Mike Cammalleri.
15:38 of 3rd period - Shot Blocked by Willie Mitchell.
15:45 of 3rd period - Icing by Mikko Koivu.
15:46 of 3rd period - Mikko Koivu wins face-off versus Matt Stajan in Rangers zone.
16:02 of 3rd period - Icing by Marc Staal.
16:03 of 3rd period - David Desharnais wins face-off versus Frans Nielsen in Rangers zone.
16:54 of 3rd period - Shot by Lubomir Visnovsky.
16:54 of 3rd period - Shot Blocked by Marc Methot.
16:56 of 3rd period - Shot by Lubomir Visnovsky.
16:56 of 3rd period - Stopped by Michal Neuvirth without a rebound.
16:57 of 3rd period - Jeff Halpern wins face-off versus Mike Cammalleri in Capitals zone.
17:46 of 3rd period - Off-side.
17:47 of 3rd period - Mikko Koivu wins face-off versus David Desharnais in neutral zone.
17:56 of 3rd period - Shot by Jay Bouwmeester.
17:56 of 3rd period - Shot Misses the Net.
17:58 of 3rd period - Shot by Mike Cammalleri.
17:58 of 3rd period - Shot Blocked by Ryan McDonagh.
18:00 of 3rd period - Shot by Nikolai Kulemin.
18:00 of 3rd period - Deflect By Mike Cammalleri.
18:00 of 3rd period - Shot Misses the Net.
18:02 of 3rd period - Shot by Mikko Koivu.
18:02 of 3rd period - Stopped by Michal Neuvirth with a rebound.
18:04 of 3rd period - Shot by Mikko Koivu.
18:04 of 3rd period - Stopped by Michal Neuvirth without a rebound.
18:05 of 3rd period - Frans Nielsen wins face-off versus Jeff Halpern in Capitals zone.
18:08 of 3rd period - Shot by Vinny Prospal.
18:08 of 3rd period - Deflect By Frans Nielsen.
18:08 of 3rd period - Stopped by Michal Neuvirth without a rebound.
18:09 of 3rd period - Matt Stajan wins face-off versus Frans Nielsen in Capitals zone.
19:14 of 3rd period - Shot by Alexander Semin.
19:14 of 3rd period - Stopped by Andrew Raycroft without a rebound.
19:15 of 3rd period - David Desharnais wins face-off versus Scott Gomez in Rangers zone.
19:17 of 3rd period - Taylor Hall is hit by Keith Ballard and loses puck.
19:38 of 3rd period - Shot by Taylor Hall.
19:38 of 3rd period - Shot Misses the Net.
19:42 of 3rd period - Shot by Ryan McDonagh.
19:42 of 3rd period - Shot Blocked by Keith Ballard.
19:46 of 3rd period - Shot by Taylor Hall.
19:46 of 3rd period - Stopped by Andrew Raycroft without a rebound.
19:47 of 3rd period - Mikko Koivu wins face-off versus Jeff Halpern in Rangers zone.
19:47 of 3rd period - Mikko Koivu is hit by Alexander Semin.
19:50 of 3rd period - Minor Penalty to Tomas Fleischmann for Slashing.
19:51 of 3rd period - Jeff Halpern wins face-off versus Nikolai Kulemin in Capitals zone.


Output by the SimonT Hockey Simulator (STHS) for Stephane Roy -- Original Page W3C XHTML 1.0 Valid